 Dungeon Crawl Stone Soup version 0.29.1-15-g9cfb28693d (webtiles) character file.

Game seed: 14343011070843379408

551 cdecastro the Cleaver (level 7, -15/57 HPs)
             Began as a Minotaur Fighter on Mar 3, 2023.
             Was a Follower of Okawaru.
             Demolished by an ogre
             ... wielding a +0 giant club
              (23 damage)
             ... on level 5 of the Dungeon.
             The game lasted 00:04:11 (3837 turns).

cdecastro the Cleaver (Minotaur Fighter)            Turns: 3837, Time: 00:04:11

Health: -15/57     AC:  8    Str: 23    XL:     7   Next: 7%
Magic:  4/6        EV: 11    Int:  5    God:    Okawaru [*.....]
Gold:   364        SH:  5    Dex:  9    Spells: 6/6 levels left

rFire   . . .      SeeInvis .   a - +0 war axe
rCold   . . .      Faith    .   (no shield)
rNeg    . . .      Spirit   .   b - +0 scale mail
rPois   .          Reflect  +   (helmet restricted)
rElec   .          Harm     .   (no cloak)
rCorr   .          Rampage  .   (no gloves)
Will    .....                   (no boots)
Stlth   +.........              n - amulet of reflection
HPRegen 0.19/turn               s - ring of flight
MPRegen 0.10/turn               (no ring)

@: heroic, flying
A: horns 2, retaliatory headbutt
a: Renounce Religion, Heroism


You were on level 5 of the Dungeon.
You worshipped Okawaru.
Okawaru was aware of your devotion.
You visited 1 branch of the dungeon, and saw 5 of its levels.

You collected 364 gold pieces.

Inventory:

Hand Weapons
 a - a +0 war axe (weapon)
 u - a +0 battleaxe
 z - the +3 falchion of Kiockunu {vorpal, Will+ Dex-2 Stlth+}
   (You found it on level 4 of the Dungeon)

   It inflicts extra damage upon your enemies.
   Dex:       It affects your dexterity (-2).
   Will:      It increases your willpower.
   Stlth:     It makes you more stealthy.
Missiles
 i - 9 boomerangs (quivered)
 v - 3 datura-tipped darts
 y - 3 poisoned darts
Armour
 b - a +0 scale mail (worn)
 c - a +0 buckler
Magical Staves
 f - a staff of poison
 w - a staff of death
Jewellery
 n - an amulet of reflection (around neck)
 s - a ring of flight (left hand)
Wands
 A - a wand of roots (4)
Scrolls
 g - 2 scrolls of amnesia {unknown}
 h - 3 scrolls of identify {unknown}
 j - a scroll of enchant armour {unknown}
 k - a scroll of enchant weapon {unknown}
 o - a scroll of fog {unknown}
 p - a scroll of fear {unknown}
 q - a scroll of summoning {unknown}
 t - a scroll of vulnerability {unknown}
 x - 2 scrolls of teleportation {unknown}
Potions
 d - 3 potions of might
 e - a potion of mutation {unknown}
 l - a potion of heal wounds {unknown}
 m - 3 potions of degeneration {unknown}
 r - a potion of haste {unknown}


   Skills:
 - Level 3.6(8.6) Fighting
 + Level 9.4(14.4) Axes
 - Level 3.6(8.6) Armour
 - Level 3.6(8.6) Shields


You had 6 spell levels left.
You didn't know any spells.
Your spell library contained the following spells:

 Spells                   Type           Power      Damage    Failure   Level
 Magic Dart               Conj           0%         1d3       75%         1
 Mephitic Cloud           Conj/Pois/Air  0%         N/A       98%         3
 Call Imp                 Summ           Unusable   N/A       N/A         2

Dungeon Overview and Level Annotations

Branches:
Dungeon (5/15)
 Temple: D:4-7

Altars:
Ashenzari
Hepliaklqana
Makhleb
Okawaru
Trog
Uskayaw

Shops:
D:1 [


Innate Abilities, Weirdness & Mutations

You have a pair of horns on your head.
You reflexively headbutt those who attack you in melee.


Message History

An ogre is nearby!
An ogre is nearby!
An ogre is nearby!
Okay, then.
Unknown command.
Unknown command.
Unknown command.
An ogre comes into view. It is wielding a +0 giant club.
You slice the ogre!! Your headbutt misses the ogre.
The ogre is severely wounded.
The ogre hits you with a +0 giant club!!
Ouch! That really hurt!
* * * LOW HITPOINT WARNING * * *
You closely miss the ogre.
The ogre is severely wounded.
The ogre closely misses you.
You barely miss the ogre.
The ogre is severely wounded.
You slash the ogre!
You kill the ogre!
Okawaru is honoured by your kill.
You have reached level 7!
You gain the combat prowess of a mighty hero.
The ogre barely misses you. You furiously retaliate!
You headbutt the ogre! You hit the ogre. You headbutt the ogre.
The ogre is heavily wounded.
The ogre closely misses you.
You hit the ogre. Your headbutt misses the ogre.
The ogre is severely wounded.
You hit the ogre.
You headbutt the ogre, but do no damage.
The ogre is severely wounded.
The ogre hits you with a +0 giant club!!
* * * LOW HITPOINT WARNING * * *
You barely miss the ogre. Your headbutt misses the ogre.
The ogre is severely wounded.
You barely miss the ogre. Your headbutt misses the ogre.
The ogre is severely wounded.
The ogre hits you with a +0 giant club!!
You die...

...........# ..
...........###...##########.#
.##.#............#...........
.##.#####........#..........?
.##.##...........#...........
....##...........#...........
.##..............#...........
..#..............O...........
................@)..........?
..#.......##......###........
..........##......# #........
###.......##......# #........
#.......##......# #.....###
#...######......# #.....#
###.# #......# #.....# #.#
#......# #.....#
#.######......#


You could see an ogre.

Vanquished Creatures
  A centaur (D:5)
  An ogre (D:5)
  A kobold brigand (D:4)
  A necrophage (D:5)
  A gnoll bouda (D:4)
  An iguana (D:5)
  A hound skeleton (D:5)
  7 gnolls
  4 adders
  5 worms
  An orc (D:5)
  4 ball pythons
  7 endoplasms
  5 giant cockroaches
  8 goblins
  6 hobgoblins
  4 jackals (D:3)
  7 kobolds
  3 quokkas
  4 bats
  4 frilled lizards
  5 rats
81 creatures vanquished.

Vanquished Creatures (others)
  A fungus (D:1)
  2 plants (D:1)
3 creatures vanquished.

Grand Total: 84 creatures vanquished

Notes
Turn   | Place    | Note
-------+----------+-------------------------------------------
     0 | D:1      | cdecastro the Minotaur Fighter began the quest for the Orb.
     0 | D:1      | Reached XP level 1. HP: 19/19 MP: 0/0
    41 | D:1      | Found Kialywuyc's Armour Boutique.
   147 | D:1      | Reached skill level 3 in Axes
   209 | D:1      | Reached XP level 2. HP: 24/26 MP: 1/1
   309 | D:1      | Found a faded altar of an unknown god.
   515 | D:2      | Reached skill level 4 in Axes
   742 | D:2      | Reached XP level 3. HP: 29/31 MP: 2/2
   946 | D:2      | Found an iron altar of Okawaru.
   984 | D:2      | Reached skill level 5 in Axes
  1010 | D:2      | Became a worshipper of Warmaster Okawaru
  1286 | D:2      | Reached XP level 4. HP: 35/39 MP: 3/3
  2154 | D:3      | Found a hide-covered altar of Uskayaw.
  2273 | D:3      | Found a hazy altar of Hepliaklqana.
  2375 | D:3      | Reached skill level 6 in Axes
  2450 | D:4      | Reached XP level 5. HP: 40/45 MP: 4/4
  2512 | D:4      | Identified the +3 falchion of Kiockunu {vorpal, Will+ Dex-2
                  | Stlth+}
  2536 | D:4      | Reached skill level 7 in Axes
  2915 | D:4      | Found a broken altar of Ashenzari.
  3098 | D:5      | Entered Level 5 of the Dungeon
  3243 | D:4      | Reached XP level 6. HP: 17/51 MP: 5/5
  3507 | D:5      | Reached skill level 8 in Axes
  3628 | D:5      | Found a burning altar of Makhleb.
  3634 | D:5      | Reached * piety under Okawaru
  3726 | D:5      | Found a bloodstained altar of Trog.
  3789 | D:5      | Reached skill level 9 in Axes
  3832 | D:5      | Reached XP level 7. HP: 25/57 MP: 6/6
  3837 | D:5      | Demolished by an ogre

Illustrated notes

Levels and vault maps discovered:
D:1:      sevenhm_arrival_forest_fort_small_6, layout_rooms, serial_shops, shop,
          shapermc_ecumenical_altar_ellora, minmay_misc_feat_tower,
          bh_walls_and_bars
D:2:      layout_loops_ring, basic_altar, kennysheep_generic_room_5
D:3:      layout_basic, general_overflow_altar, mainiacjoe_overflow_alcove_4
D:4:      layout_gridville, ashenzari_conservatory_becter
D:5:      layout_basic, mainiacjoe_overflow_paths,
          mainiacjoe_overflow_six_doors_small, makhleb_blood_cavern_becter,
          minmay_temple_entry_large_hall

Skill      XL: |  1  2  3  4  5  6 |
---------------+-------------------+-----
Axes           | 3 4 5 6 7 9 |  9.4
Fighting       | |  3.6
Armour         | |  3.6
Shields        | |  3.6

Action                   |  1- 3 |  4- 6 |  7- 9 || total
-------------------------+-------+-------+-------++-------
Melee: War axe           |    72 |   115 |     5 ||   192
       Headbutt          |     9 |    20 |     2 ||    31
       Punch             |       |     1 |       ||     1
Invok: Heroism           |       |       |     1 ||     1
Armor: Scale mail        |    31 |    41 |       ||    72
Dodge: Dodged            |    30 |    58 |     2 ||    90
Block: Other             |     1 |    24 |       ||    25
       Reflection        |       |     1 |       ||     1
